 Dungeon Crawl Stone Soup version 0.29-a0-1019-g84f7d21838 (webtiles) character file.

Game seed: 13254731905788899193

129 Newt the Skirmisher (level 5, -6/31 HPs)
             Began as a Kobold Hunter on Aug 10, 2022.
             Mangled by Pargi (7 damage)
             ... on level 3 of the Dungeon.
             The game lasted 00:03:15 (2060 turns).

Newt the Skirmisher (Kobold Hunter)                 Turns: 2060, Time: 00:03:17

Health: -6/31      AC:  3    Str:  8    XL:     5   Next: 35%
Magic:  14/14      EV: 14    Int: 10    God:
Gold:   146        SH:  0    Dex: 21    Spells: 4/4 levels left

rFire   . . .      SeeInvis .   a - +0 shortbow
rCold   . . .      Faith    .   (shield currently unavailable)
rNeg    . . .      Spirit   .   c - +0 leather armour
rPois   .          Reflect  .   (no helmet)
rElec   .          Harm     .   (no cloak)
rCorr   .          Rampage  .   (no gloves)
Will    .....                   (no boots)
Stlth   +++.......              (no amulet)
HPRegen 0.10/turn               i - ring of magical power
MPRegen 0.14/turn               (no ring)

@: no status effects
A: small, no large weapons, nightstalker 3
a: no special abilities


You were on level 3 of the Dungeon.
You visited 1 branch of the dungeon, and saw 3 of its levels.

You collected 146 gold pieces.

Inventory:

Hand Weapons
 a - a +0 shortbow (weapon)
Armour
 c - a +0 leather armour (worn)
Jewellery
 i - a ring of magical power (left hand)
Scrolls
 b - a scroll of immolation
 f - a scroll of blinking
 j - a scroll of magic mapping
Potions
 d - 2 potions of berserk rage
 e - 2 potions of magic
 g - 2 potions of brilliance
 h - a potion of haste {unknown}
 l - a potion of curing {unknown}


   Skills:
 * Level 2.3 Fighting
 - Level 8.0 Ranged Weapons
 - Level 0.6 Armour
 - Level 2.4 Dodging
 * Level 1.6 Stealth


You had 4 spell levels left.
You didn't know any spells.
Your spell library contained the following spells:

 Spells                   Type           Power      Damage    Failure   Level
 Cause Fear               Hex            0%         N/A       99%         4
 Dragon Form              Tmut           0%         N/A       100%        7
 Dragon's Call            Summ           0%         N/A       100%        9


Dungeon Overview and Level Annotations

Branches:
Dungeon (3/15)

Altars:

Annotations:
D:3 Pargi


Innate Abilities, Weirdness & Mutations

You are small and have problems with some larger weapons.
You are completely attuned to the shadows.


Message History

Fire: a) +0 shortbow
Press: ? - help, Shift-Dir - straight line, f/p - Pargi
Aim: Pargi (severely wounded, 61% to hit)
You shoot an arrow. The arrow hits Pargi!
Pargi is almost dead.
You hear a shout!
Pargi bites you but does no damage. Pargi closely misses you. Pargi claws you.
A gnoll comes into view. It is wielding a +0 flail.
The endoplasm freezes you.
You are frozen.
Pargi barely misses you. x2
Pargi claws you but does no damage.
You feel much better. The endoplasm hits you. Pargi bites you.
Pargi claws you. x2
Fire: a) +0 shortbow
Press: ? - help, Shift-Dir - straight line, f/p - Pargi
Aim: Pargi (almost dead, 61% to hit)
You shoot an arrow. The arrow hits Pargi.
Pargi is almost dead.
The endoplasm barely misses you.
Pargi snarls, "My home!
Leave!"
Pargi completely misses you. Pargi misses you.
Pargi claws you but does no damage.
Fire: a) +0 shortbow
Press: ? - help, Shift-Dir - straight line, f/p - Pargi
Aim: Pargi (almost dead, 61% to hit)
You shoot an arrow. The arrow closely misses Pargi.
The endoplasm freezes you.
You are frozen.
Pargi closely misses you. Pargi claws you but does no damage. x2
Fire: a) +0 shortbow
Press: ? - help, Shift-Dir - straight line, f/p - Pargi
Aim: Pargi (almost dead, 61% to hit)
You shoot an arrow.
The arrow hits Pargi but does no damage.
Pargi is almost dead.
The gnoll hits you with a +0 flail!
* * * LOW HITPOINT WARNING * * *
The endoplasm freezes you.
You are frozen.
* * * LOW HITPOINT WARNING * * *
Pargi bites you!
You die...

##.... ...... .. .....# #.##
....J######..###
...T@.....##...###.
.#.....g...............
................##.###.
................#..#
.).T)รท..........#.##
...)<)..........#.#
.)..............#.# #####
..................###....
#####............#....##....


You could see Pargi, a gnoll and an endoplasm.

Vanquished Creatures
  5 gnolls (D:3)
  2 adders (D:2)
  3 worms
  4 bats
  6 endoplasms
  4 giant cockroaches
  5 goblins
  4 hobgoblins
  9 kobolds
  2 quokkas
  2 ball pythons (D:1)
  2 frilled lizards (D:1)
  6 rats
54 creatures vanquished.

Notes
Turn   | Place    | Note
-------+----------+-------------------------------------------
     0 | D:1      | Newt the Kobold Hunter began the quest for the Orb.
     0 | D:1      | Reached XP level 1. HP: 12/12 MP: 1/1
   128 | D:1      | Reached XP level 2. HP: 17/17 MP: 2/2
   153 | D:1      | Reached skill level 6 in Ranged Weapons
   439 | D:1      | Reached XP level 3. HP: 21/21 MP: 3/3
   609 | D:2      | Found a faded altar of an unknown god.
  1306 | D:2      | Reached skill level 7 in Ranged Weapons
  1306 | D:2      | Reached XP level 4. HP: 26/26 MP: 4/4
  1776 | D:3      | Noticed Pargi
  1857 | D:3      | Reached XP level 5. HP: 30/30 MP: 5/5
  1893 | D:3      | Reached skill level 8 in Ranged Weapons
  2060 | D:3      | HP: 1/31 [frozen (4)]
  2060 | D:3      | Mangled by Pargi

Illustrated notes

Levels and vault maps discovered:
D:1:      saegor_arrival_simple_d, layout_loops_ring, serial_park_tiny_2
D:2:      layout_basic, serial_forest, infiniplex_forest_corner_1,
          infiniplex_forest_end_3, infiniplex_forest_lined_room_2,
          infiniplex_forest_lined_room_2, infiniplex_forest_clump_diagonal,
          dreamdust_ecumenical_altar_statues
D:3:      layout_rooms, minmay_misc_feat_cross, uniq_pargi

Skill      XL: |  1  2  3  4  5 |
---------------+----------------+-----
Ranged Weapons | 6 7 8 |  8.0
Fighting       | |  2.3
Armour         | |  0.6
Dodging        | |  2.4
Stealth        | |  1.6

Action                   |  1- 3 |  4- 6 || total
-------------------------+-------+-------++-------
 Fire: Shortbow          |    86 |    50 ||   136
  Use: Scroll            |     4 |     3 ||     7
       Potion            |       |     1 ||     1
Armor: Leather armour    |     9 |     9 ||    18
Dodge: Dodged            |    21 |    24 ||    45

Table legend: (Time is in decaauts)
 A = Elapsed time spent in this place.
 B = Non-inter-level travel time spent in this place.
 C = Inter-level travel time spent in this place.
 D = Time resting spent in this place.
 E = Time spent auto-exploring this place.
 F = Levels seen in this place.
 G = Mean time per level.
                   A        B        C        D        E       F      G
               +--------+--------+--------+--------+--------+-----+--------+
         Total |   2091 |   2009 |     82 |    309 |   1436 |   3 |  697.0 |
       Dungeon |   2091 |   2009 |     82 |    309 |   1436 |   3 |  697.0 |
               +--------+--------+--------+--------+--------+-----+--------+

Top non-repeatable levels by time:
     D:2: 1014 daAuts
     D:1: 824 daAuts
     D:3: 251 daAuts
